 Dungeon Crawl Stone Soup version 0.15-a0-33-ga435e27 (webtiles) character file.

14315 Herrn the Fighter (level 11, -2/107 HPs)
             Began as a Minotaur Fighter on Apr 1, 2014.
             Was a High Priest of Okawaru.
             Slain by a manticore (17 damage)
             ... on Level 11 of the Dungeon.
             The game lasted 00:49:55 (11814 turns).

Herrn the Fighter (Minotaur Fighter)               Turns: 11814, Time: 00:49:55

HP  -2/107       AC 17     Str 24      XL: 11   Next: 79%
MP  16/16        EV  6     Int  5      God: Okawaru [*****.]
Gold 593         SH 23     Dex 12      Spells:  0 memorised, 20 levels left

rFire  . . .     SeeInvis +     F - +6,+10 war axe of Jeaheoc {holy, SInv}
rCold  . . .     Clarity  .     o - +3 chain mail
rNeg   . . .     Conserve .     c - +0 shield
rPois  .         rCorr    .     (helmet restricted)
rElec  .         rRot     .     P - +0 cloak
SustAb . .       Spirit   .     (no gloves)
rMut   .         Warding  .     (no boots)
Saprov . . .     Stasis   .     (no amulet)
MR     .....                    L - ring of sustenance
                                (no ring)

@: drained, not resistant to hostile enchantments, extremely unstealthy
A: retaliatory headbutt, hooves 1, horns 2, yellow scales 1, low mp 2, spit
poison 1, strong 1, wild magic 1
a: Spit Poison, Heroism, Finesse, Renounce Religion


You were on level 11 of the Dungeon.
You worshipped Okawaru.
Okawaru was extremely pleased with you.
You were hungry.

You visited 2 branches of the dungeon, and saw 12 of its levels.
You also visited: Sewer.

You collected 593 gold pieces.

Inventory:

Hand weapons
 b - a +0,+0 falchion
 i - a +0,+0 falchion
 F - the +6,+10 war axe of Jeaheoc (weapon) {holy, SInv}
   (You found it on level 6 of the Dungeon)

   It has been blessed by the Shining One to cause great damage to the undead
   and demons.
   It enhances your eyesight.
Armour
 c - a +0 shield (worn)
 h - a +0 large shield
 o - a +3 chain mail (worn)
 P - a +0 cloak (worn)
Magical devices
 a - a wand of enslavement (8)
 x - a wand of flame (0)
 K - a wand of fire (1)
 M - a wand of slowing (10)
 Q - a wand of magic darts (18)
Comestibles
 d - 10 bread rations
 p - 5 meat rations
 w - 4 rotting chunks of two-headed ogre flesh
 B - 5 strawberries
 C - a beef jerky
 D - 2 pears
 H - an apple
 I - an orange
Scrolls
 e - 4 scrolls of magic mapping {unknown}
 f - 6 scrolls of teleportation {unknown}
 g - 8 scrolls of remove curse
 q - 2 scrolls of fear {unknown}
 r - 4 scrolls of identify
 s - 3 scrolls of fog {unknown}
 t - a scroll of recharging
 v - a scroll of summoning {unknown}
 y - 2 scrolls of random uselessness {unknown}
 G - a scroll of enchant armour
 J - 2 scrolls of noise {unknown}
Jewellery
 L - a ring of sustenance (right hand)
Potions
 j - 9 potions of curing
 k - 7 potions of heal wounds
 l - 2 potions of flight
 m - a potion of lignification
 n - 3 potions of restore abilities
 u - 3 potions of magic
 z - a potion of haste
 E - a potion of invisibility
Books
 N - a book of Frost

   Spells                             Type                      Level
   Freeze                             Ice                          1
   Throw Frost                        Conjuration/Ice              2
   Ozocubu's Armour                   Charms/Ice                   3
   Throw Icicle                       Conjuration/Ice              4
   Summon Ice Beast                   Ice/Summoning                4
   Condensation Shield                Ice                          4


   Skills:
 * Level 13.4(12.3) Fighting
 * Level 5.6(4.7) Long Blades
 + Level 8.4(7.4) Armour
 + Level 7.3(6.4) Dodging
 + Level 8.5(7.5) Shields
 * Level 5.4(4.5) Spellcasting
 * Level 5.8(4.9) Invocations
 + Level 1.1(0.3) Evocations


You had 20 spell levels left.
You didn't know any spells.

Dungeon Overview and Level Annotations

Branches:
Dungeon (11/15)            Temple (1/1) D:5            Lair (0/8) D:9
    Orc: D:9-12

Altars:
Ashenzari
Elyvilon
Fedhas
Makhleb
Nemelex Xobeh
Okawaru
Sif Muna
Trog
Vehumet
Yredelemnul
The Shining One

Shops:
D:7 :


Innate Abilities, Weirdness & Mutations

You reflexively headbutt those who attack you in melee.
You have a pair of horns on your head.
You have large cloven feet.
You are partially covered in yellow scales (AC +2).
Your magical capacity is very low (-20% MP).
You can spit poison.
Your muscles are strong. (Str +2)
Your spells are a little harder to cast, but a little more powerful.


Message History

You kick the manticore, but do no damage.
The manticore is severely wounded.
The jackal bites you but does no damage.
You block the manticore's attack. The manticore claws you.
* * * LOW HITPOINT WARNING * * *
You block the manticore's attack.
The jackal bites you but does no damage.
The manticore bites you!
* * * LOW HITPOINT WARNING * * *
The manticore claws you but does no damage.
You block the manticore's attack.
You slash the jackal!
You kill the jackal!
You slash the manticore! Your kick misses the manticore.
The manticore is almost dead.
The manticore bites you but does no damage.
The manticore barely misses you.
The manticore claws you but does no damage.
The manticore bites you!
You die...

..# .....#
......# #......#
#......#
#......#
#......#
#.....H#
#.....@#
#......#
#...>..#
#.....$#
#......#
#......#
#......#######
#.>..........#
#......######..#


You could see a manticore.

Vanquished Creatures
  Josephine (D:10)
  An elephant (D:9)
  6 orange demons
  2 red devils
  A troll (D:8)
  5 polar bears (D:8)
  Sonja (D:10)
  2 two-headed ogres
  A spriggan (D:7)
  6 yaks
  A deep elf mage (D:9)
  An elephant slug (D:9)
  A human (D:3)
  2 hill giant zombies
  Eustachio (D:7)
  A wyvern (D:11)
  A hungry ghost (D:10)
  2 steam dragons (D:10)
  3 wolves (D:8)
  A necrophage (D:10)
  4 ice beasts
  2 water moccasins
  A giant goldfish (D:8)
  6 ogres
  An orc warrior (D:8)
  5 sky beasts
  8 centaurs
  3 crocodiles
  The ghost of Froboctopus the Caller, an average MfSu (D:3)
  Duvessa (D:8)
  A hill giant simulacrum (D:8)
  2 big kobolds
  A komodo dragon skeleton (D:10)
  A wyvern skeleton (D:8)
  5 giant frogs
  A water moccasin skeleton (D:8)
  3 scorpions
  An electric eel (D:8)
  A troll skeleton (D:10)
  4 wights (D:9)
  3 killer bees (D:8)
  A yak skeleton (D:10)
  Dowan (D:8)
  4 crimson imps
  A goliath beetle (D:7)
  3 hounds
  5 jellies
  4 orc priests
  Crazy Yiuf (D:7)
  2 human skeletons (D:3)
  8 worker ants
  3 iguanas
  8 orc wizards
  A quasit (D:7)
  A hippogriff simulacrum (D:8)
  A sheep (D:9)
  A sky beast zombie (D:10)
  Jessica (D:3)
  2 mottled dragon skeletons
  A soldier ant simulacrum (D:8)
  A hound skeleton (D:9)
  4 gnolls (D:8)
  16 adders
  5 green rats
  A sky beast simulacrum (D:8)
  4 white imps
  A giant mite (D:1)
  A shadow imp (D:5)
  5 worms
  4 ufetubi
  An iguana skeleton (D:7)
  3 giant eyeballs
  6 giant geckos
  An ooze (D:2)
  36 orcs
  19 bats
  8 giant cockroaches
  13 goblins
  17 hobgoblins
  19 jackals
  32 kobolds
  8 quokkas
  16 ball pythons
  A bat simulacrum (D:8)
  A giant gecko simulacrum (D:8)
  5 giant newts
  A giant spore (D:9)
  2 jackal skeletons
  2 kobold skeletons
  4 orc skeletons
  2 orc zombies
  42 rats
  A rat skeleton (D:6)
  2 rat zombies
  2 ballistomycetes (D:9)
  A plant (D:1)
431 creatures vanquished.

Notes
Turn   | Place    | Note
--------------------------------------------------------------
     0 | D:1      | Herrn, the Minotaur Fighter, began the quest for the Orb.
     0 | D:1      | Reached XP level 1. HP: 19/19 MP: 1/1
   270 | D:1      | Reached skill level 4 in Fighting
   296 | D:1      | Reached XP level 2. HP: 27/27 MP: 1/1
   838 | D:1      | Reached XP level 3. HP: 35/35 MP: 2/2
   931 | D:1      | Reached skill level 5 in Fighting
  1112 | D:2      | Found a bloodstained altar of Trog.
  1463 | D:2      | Reached XP level 4. HP: 39/42 MP: 2/2
  1609 | D:3      | Noticed Jessica
  1614 | D:3      | Killed Jessica
  1614 | D:3      | Reached skill level 1 in Spellcasting
  1640 | D:3      | Noticed Froboctopus' ghost (average MfSu)
  1653 | D:3      | Reached skill level 6 in Fighting
  1659 | D:3      | Killed Froboctopus' ghost
  1659 | D:3      | Reached XP level 5. HP: 24/51 MP: 3/4
  1698 | D:3      | Found a glowing drain.
  1699 | D:3      | Found a blossoming altar of Fedhas.
  1729 | D:3      | Reached skill level 7 in Fighting
  1934 | Sewer    | Entered a sewer
  1939 | Sewer    | Gained mutation: Your magical capacity is low (-10% MP). [potion of mutation]
  1939 | Sewer    | Gained mutation: You have large cloven feet. [potion of mutation]
  1939 | Sewer    | Gained mutation: Your spells are a little harder to cast, but a little more powerful. [potion of mutation]
  2156 | Sewer    | Reached XP level 6. HP: 55/60 MP: 5/5
  2472 | Sewer    | Reached skill level 8 in Fighting
  2667 | D:3      | Noticed a human
  2672 | D:3      | Found a basalt altar of Yredelemnul.
  2678 | D:3      | Killed a human
  2678 | D:3      | Reached skill level 9 in Fighting
  2678 | D:3      | Reached XP level 7. HP: 62/70 MP: 7/7
  3367 | D:4      | Reached skill level 10 in Fighting
  3778 | D:4      | Reached XP level 8. HP: 80/80 MP: 8/8
  3848 | D:5      | Entered Level 5 of the Dungeon
  3983 | D:5      | Reached skill level 11 in Fighting
  4668 | D:5      | Found a staircase to the Ecumenical Temple.
  4689 | Temple   | Entered the Ecumenical Temple
  4806 | Temple   | Became a worshipper of Warmaster Okawaru
  4965 | D:5      | Found a shattered altar of Ashenzari.
  4978 | D:5      | Found a glowing golden altar of the Shining One.
  5078 | D:5      | Reached skill level 12 in Fighting
  5166 | D:6      | Reached skill level 1 in Invocations
  5186 | D:6      | Reached skill level 1 in Dodging
  5421 | D:6      | Got a brightly glowing war axe
  5559 | D:6      | Paralysed by a giant eyeball for 2 turns
  5565 | D:6      | Paralysed by a giant eyeball for 4 turns
  5602 | D:6      | Reached XP level 9. HP: 50/90 MP: 11/11
  5793 | D:6      | Acquired Okawaru's first power
  5823 | D:6      | Identified the +6,+10 war axe of Jeaheoc {holy, SInv} (You found it on level 6 of the Dungeon)
  5845 | D:6      | Paralysed by a giant eyeball for 2 turns
  6439 | D:7      | Found Piashreacw's Book Shop.
  6452 | D:7      | Reached skill level 5 in Shields
  6718 | D:7      | Noticed Eustachio
  6733 | D:7      | Killed Eustachio
  6794 | D:7      | Reached skill level 5 in Armour
  6969 | D:7      | Noticed Crazy Yiuf
  6972 | D:7      | Killed Crazy Yiuf
  7193 | D:8      | Gained mutation: You are partially covered in yellow scales (AC +2). [potion of mutation]
  7193 | D:8      | Gained mutation: You can spit poison. [potion of mutation]
  7193 | D:8      | Gained mutation: Your magical capacity is very low (-20% MP). [potion of mutation]
  7238 | D:8      | Reached XP level 10. HP: 82/99 MP: 12/12
  7337 | D:8      | Reached skill level 5 in Dodging
  8811 | D:9      | Noticed Duvessa
  8819 | D:9      | Noticed Dowan
  8840 | D:8      | Killed Duvessa
  8854 | D:8      | Killed Dowan
  9406 | D:9      | Noticed an elephant
  9410 | D:9      | Found a staircase to the Lair.
  9416 | D:9      | Reached skill level 5 in Invocations
  9416 | D:9      | Reached XP level 11. HP: 94/105 MP: 14/14
  9426 | D:9      | Killed an elephant
 10212 | D:10     | Entered Level 10 of the Dungeon
 10219 | D:10     | Reached skill level 5 in Spellcasting
 10231 | D:10     | Noticed Josephine
 10249 | D:10     | Killed Josephine
 10249 | D:10     | Reached skill level 1 in Evocations
 10286 | D:10     | Reached skill level 13 in Fighting
 10288 | D:10     | Acquired Okawaru's second power
 10398 | D:10     | Gained mutation: Your muscles are strong. (Str +2) [potion of beneficial mutation]
 10403 | D:10     | Noticed Sonja
 10430 | D:10     | Killed Sonja
 11017 | D:11     | Paralysed by a giant eyeball for 4 turns
 11043 | D:11     | Reached skill level 5 in Long Blades
 11814 | D:11     | Slain by a manticore

Action                   |  1- 3 |  4- 6 |  7- 9 | 10-12 || total
-------------------------+-------+-------+-------+-------++-------
Melee: Long sword        |   152 |   215 |   269 |       ||   636
       War axe           |       |       |   133 |   354 ||   487
Invok: Heroism           |       |       |       |     2 ||     2
Evoke: Wand              |       |       |       |     4 ||     4
  Use: Scroll            |       |     8 |       |     7 ||    15
       Potion            |       |     4 |     3 |     9 ||    16
